 Dungeon Crawl Stone Soup version 0.31-a0-217-g58bb5d79cf (webtiles) character file.

Game seed: 10240004211042937553

76 qw the Shooter (level 4, -2/27 HPs)
             Began as a Gargoyle Hexslinger on July 2, 2023.
             Slain by an orc wizard
             ... wielding a +0 dagger
              (3 damage)
             ... on level 3 of the Dungeon.
             The game lasted 00:00:43 (1482 turns).

qw the Shooter (Gargoyle Hexslinger)                Turns: 1482, Time: 00:00:43

Health: -2/27      AC:  9    Str: 11    XL:     4   Next: 32%
Magic:  5/5        EV: 11    Int: 14    God:
Gold:   117        SH:  0    Dex: 14    Spells: 4/5 levels left

rFire   + . .        Y - +1 sling
rCold   + . .        (no shield)
rNeg    + . .        d - +3 leather armour
rPois   inf          (no helmet)
rElec   +            g - scarf {rC+ rF+}
rCorr   .            (no gloves)
SInv    .            (no boots)
Will    .....        (no amulet)
Stlth   +            (no ring)
HPRegen 0.24/turn    (no ring)
MPRegen 0.09/turn

%: no passive effects
@: confused
A: sickness immunity, AC +3, negative energy resistance 1, electricity
resistance, torment resistance 1, petrification resistance
a: no special abilities


You were on level 3 of the Dungeon.
You visited 1 branch of the dungeon, and saw 3 of its levels.

You collected 117 gold pieces.


Innate Abilities, Weirdness & Mutations

You are immune to sickness and miasma.
Your stone body is resilient. (AC +3)
You are immune to poison.
You resist negative energy. (rN+)
You are resistant to electric shocks. (rElec)
You are resistant to unholy torment.
You are immune to petrification.


   Skills:
 - Level 2.3 Fighting
 + Level 4.0 Ranged Weapons
 - Level 1.5 Dodging
 - Level 1.0 Spellcasting
 - Level 2.6 Hexes


You had 4 spell levels left.
You knew the following spells:

 Your Spells              Type           Power      Damage    Failure   Level
a - Slow                  Hex            32%        N/A       12%         1

Your spell library contained the following spells:

 Spells                   Type           Power      Damage    Failure   Level
 Inner Flame              Hex/Fire       4%         N/A       52%         3
 Portal Projectile        Hex/Tloc       8%         N/A       52%         3
 Cause Fear               Hex            4%         N/A       75%         4

Inventory:

Hand Weapons
 Y - a +1 sling (weapon)
Armour
 d - a +3 leather armour (worn)
 g - a scarf of resistance (worn)
Scrolls
 a - a scroll of brand weapon {unknown}
 c - a scroll of identify
Potions
 b - a potion of curing {unknown}
 e - a potion of magic {unknown}
 f - a potion of lignification {unknown}

Dungeon Overview and Level Annotations

Branches:
Dungeon (3/15)

Altars:

Shops:
D:1 ?


Message History

The ball python bites you but does no damage.
The ball python constricts you. Something hits you but does no damage.
The ball python bites you but does no damage.
The ball python constricts you.
The ball python bites you but does no damage.
The ball python constricts you.
You hear some strange, mumbled words.
A magic dart appears from out of thin air!
The magic dart hits you but does no damage.
You feel less confused. The ball python barely misses you.
The ball python constricts you. Something hits you.
You shoot a sling bullet. The sling bullet hits the ball python.
You kill the ball python!
Something hits you but does no damage.
You shoot a sling bullet. The sling bullet hits the rat.
You kill the rat!
You hear some strange, mumbled words.
A puff of flame appears from out of thin air!
The puff of flame hits you. You resist.
You shoot a sling bullet. The sling bullet hits the orc.
The orc is lightly wounded.
Something hits you but does no damage. The orc misses you.
The orc sings a few bars from the Orcish anthem.
The orc barely misses you. Something hits you but does no damage.
You shoot a sling bullet. The sling bullet hits the orc!
You kill the orc!
You hear some strange, mumbled words.
You are confused.
Your Ranged Weapons skill increases to level 4!
You shoot a sling bullet. Something hits you but does no damage.
Something hits you.
You shoot a sling bullet. Something hits you but does no damage.
Something hits you.
You shoot a sling bullet. Something hits you but does no damage.
Something hits you.
You die...

#.# #.# #.# #.# #.#
#.# #.# ####.# #.#
##>...# #.# #...###
#.### #.#.#
#...#####.#.####
######...#....#@)..#
##..........#####{..#
##.###.........# ...#
..#)#........#.# .).#
..##.........# # #..#
.............# .)#
..##......>..# #..
..#.........## ...
.#.#.#......#


There were no monsters in sight!

Vanquished Creatures
  3 adders (D:2)
  A worm (D:2)
  4 orcs (D:3)
  4 ball pythons
  3 bats (D:1)
  3 endoplasms
  A giant cockroach (D:1)
  5 goblins
  4 hobgoblins
  A quokka (D:1)
  A frilled lizard (D:1)
  7 kobolds
  4 rats
41 creatures vanquished.

Notes
Turn   | Place    | Note
-------+----------+-------------------------------------------
     0 | D:1      | qw the Gargoyle Hexslinger began the quest for the Orb.
     0 | D:1      | Reached XP level 1. HP: 12/12 MP: 2/2
     0 | D:1      | 0 ||| qw: Version: 0.3-a-40-ge99b1a8
     0 | D:1      | 0 ||| qw: Game counter: 258
     0 | D:1      | 0 ||| qw: Melee chars always use a shield: true
     0 | D:1      | 0 ||| qw: God list: Okawaru
     0 | D:1      | 0 ||| qw: Allow faded altars: false
     0 | D:1      | 0 ||| qw: Do Orc after clearing Dungeon:15 true
     0 | D:1      | 0 ||| qw: Do second Lair branch before Depths: true
     0 | D:1      | 0 ||| qw: Lair rune preference: random
     0 | D:1      | 0 ||| qw: Goals: Normal
     0 | D:1      | 0 ||| PLANNING D:1-11
    81 | D:1      | Reached XP level 2. HP: 14/16 MP: 3/3
    93 | D:1      | Found Uckankal's Magic Scroll Shop.
   104 | D:1      | 104 ||| SHOPLISTING scroll of identify (24 gold, have 19).
   104 | D:1      | 104 ||| SHOPLISTING scroll of teleportation (36 gold, have
                  | 19).
   230 | D:1      | Reached skill level 3 in Ranged Weapons
   269 | D:1      | HP: 4/16 [endoplasm (2)]
   498 | D:1      | 498 ||| UPGRADING to +3 leather armour.
   508 | D:1      | 508 ||| DROPPING +0 robe.
   509 | D:1      | 509 ||| READING scroll labelled SAPSE IZANK.
   510 | D:1      | 510 ||| DROPPING scroll of poison.
   620 | D:2      | Reached XP level 3. HP: 22/22 MP: 4/4
   922 | D:2      | Reached XP level 4. HP: 27/27 MP: 5/5
  1266 | D:2      | 1266 ||| UPGRADING to scarf of resistance.
  1271 | D:2      | 1271 ||| READING 2 scrolls labelled PURPHUZEITZ.
  1272 | D:2      | 1272 ||| DROPPING scroll of amnesia.
  1473 | D:3      | HP: 6/27 [something (3)]
  1478 | D:3      | Reached skill level 4 in Ranged Weapons
  1479 | D:3      | HP: 2/27 [something (2)]
  1482 | D:3      | Slain by an orc wizard

Levels and vault maps discovered:
D:1:      ldierk_walled_garden_2, layout_rooms, serial_shops,
          nicolae_shop_peninsula, minmay_octomino_e4
D:2:      minmay_chambers_of_ones, layout_basic
D:3:      layout_loops_ring, trog_butcher_becter, minmay_vboxes

Skill      XL: |  1  2  3  4 |
---------------+-------------+-----
Ranged Weapons | 3 4 |  4.0
Fighting       | 2 |  2.3
Dodging        | |  1.5
Spellcasting   | |  1.0
Hexes          | |  2.6

Action                     |  1- 3 |  4- 6 || total
---------------------------+-------+-------++-------
   Fire: Sling             |   110 |    71 ||   181
    Use: Scroll            |     1 |     1 ||     2
 Armour: Robe              |     5 |       ||     5
         Leather armour    |    22 |    30 ||    52
  Dodge: Dodged            |    37 |    24 ||    61

Table legend:
 A = Non-vault XP
 B = Vault XP
 C = Vault XP percentage of total XP
 D = Non-vault monster count
 E = Vault monster count
 F = Vault count percentage of total count
                 A         B        C        D         E       F
            +---------+---------+-------+---------+---------+-------
      Total |      90 |      19 |  17.4 |      30 |      11 |  26.8
            +---------+---------+-------+---------+---------+-------
        D:1 |      25 |       6 |  19.4 |      15 |       4 |  21.1
        D:2 |      51 |      11 |  17.7 |      10 |       5 |  33.3
        D:3 |      14 |       2 |  12.5 |       5 |       2 |  28.6
            +---------+---------+-------+---------+---------+-------
